 Dungeon Crawl Stone Soup version 0.20-a0-823-gdec668e (webtiles) character file.

28620 Amciq the Fighter (level 13, 0/133 HPs)
             Began as a Troll Fighter on Mar 5, 2017.
             Was a High Priest of Ashenzari.
             Slain by a fire dragon (5 damage)
             ... on level 6 of the Lair of Beasts.
             The game lasted 00:47:29 (13151 turns).

Amciq the Fighter (Troll Fighter)                  Turns: 13151, Time: 00:47:30

Health: 0/133      AC: 12    Str: 27    XL:     13   Next: 10%
Magic:  0/12       EV: 16    Int:  6    God:    Ashenzari [*****.]
Gold:   830        SH: 18    Dex: 13    Spells: 12/12 levels left

rFire    . . .     SeeInvis +   y - +8 whip "Snakebite" {curare, rPois} (curse)
rCold    . . .     Gourm    +   z - +2 robe (curse)
rNeg     . . .     Faith    .   c - +1 shield (curse)
rPois    +         Spirit   +   x - +2 hat (curse)
rElec    .         Reflect  +   i - scarf {Spirit} (curse)
rCorr    .         Harm     .   (gloves unavailable)
MR       .....     Clarity  +   (boots unavailable)
Stlth    +++.......             G - +5 amulet of reflection (curse)
Regen    0.8/turn               (no ring)
MPRegen  0.2/turn               d - +3 ring of protection (curse)

@: very slightly contaminated, hasted, very quick
A: unfitting armour, claws 3, clever 1, deformed body, fast metabolism 3,
gourmand, regeneration 1, shaggy fur 2, tough skin 2, wild magic 1
a: Curse Item, Scrying, Transfer Knowledge, Renounce Religion


You were on level 6 of the Lair of Beasts.
You worshipped Ashenzari.
Ashenzari was extremely pleased with you.
You were completely stuffed.

You visited 3 branches of the dungeon, and saw 15 of its levels.
You also visited: Ossuary.

You collected 830 gold pieces.

Inventory:

Hand Weapons
 y - the cursed +8 whip "Snakebite" (weapon) {curare, rPois}
   (You found it on level 4 of the Dungeon)

   It poisons the flesh of those it strikes.
   It protects you from poison.
   It has a curse placed upon it.
 K - the cursed +4 morningstar of Yqurisyrch {crush, *Slow rElec rN+ MR+++}
   (You found it on level 6 of the Lair of Beasts)

   It inflicts extra damage upon your enemies.
   It insulates you from electricity.
   It protects you from negative energy.
   It affects your resistance to hostile enchantments.
   It may slow you when you take damage.
   It has a curse placed upon it.
Armour
 c - a cursed +1 shield (worn)
 i - a cursed scarf of spirit shield (worn)
 t - a scarf of repulsion
 x - a cursed +2 hat (worn)
 z - a cursed +2 robe (worn)
Jewellery
 d - a cursed +3 ring of protection (left claw)
 G - a cursed +5 amulet of reflection (around neck)
Wands
 u - a wand of clouds (6/9)
 D - a wand of paralysis (11/24)
 E - a wand of polymorph (13/24)
 H - a wand of confusion (20/48)
 I - a wand of polymorph (16/24)
Scrolls
 e - 3 scrolls of amnesia
 h - 2 scrolls of enchant weapon
 j - 2 scrolls of identify
 k - a scroll of vulnerability {unknown}
 n - 3 scrolls of magic mapping {unknown}
 q - 8 scrolls of teleportation {unknown}
 r - 4 scrolls of recharging {unknown}
 s - a scroll of blinking
 w - 2 scrolls of fear {unknown}
 B - a scroll of silence {unknown}
 C - 2 scrolls of random uselessness {unknown}
 N - a scroll of fog {unknown}
 O - a scroll of enchant armour
Potions
 b - a potion of magic
 g - 6 potions of curing
 l - a potion of brilliance
 v - 6 potions of might
 A - 2 potions of haste
 F - 2 potions of resistance
 J - a potion of cancellation
 L - 2 potions of heal wounds
Comestibles
 f - 13 bread rations
 m - 23 royal jellies
 p - 6 meat rations


   Skills:
 * Level 9.8 Fighting
 * Level 8.0(12.0) Maces & Flails
 + Level 7.2 Throwing
 * Level 7.6 Armour
 * Level 7.9(11.9) Dodging
 - Level 2.0(5.0) Stealth
 * Level 7.6(10.3) Shields
 - Level 0.4 Unarmed Combat


You had 12 spell levels left.
You didn't know any spells.

Dungeon Overview and Level Annotations

Branches:
Dungeon (8/15)             Temple (1/1) D:6            Lair (6/6) D:8
 Shoals (0/4) Lair:2        Snake (0/4) Lair:2        Slime (0/5) Lair:6

Altars:
Ashenzari
Cheibriados
Dithmenos
Elyvilon
Fedhas
Gozag
Makhleb
Nemelex Xobeh
Okawaru
Qazlal
Ru
Trog
Uskayaw
Wu Jian
Xom
Yredelemnul
Zin
The Shining One
Jiyva

Annotations:
Lair:3 exclusion: oklob plant


Innate Abilities, Weirdness & Mutations

You are too large for most types of armour.
You have claws for hands.
Your metabolism is lightning-fast.
You like to eat raw meat.
Your natural rate of healing is unusually fast.
You are covered in thick fur. (AC +2)
You have very tough skin. (AC +2)
Your mind is acute. (Int +2)
Armour fits poorly on your strangely shaped body.
Your spells are a little harder to cast, but a little more powerful.


Message History

* * * LOW HITPOINT WARNING * * *
The fire dragon closely misses you.
You hit the fire dragon.
The fire dragon looks as sick as possible!
The fire dragon is heavily wounded.
You whack the fire dragon!
The fire dragon is severely wounded.
You hit the fire dragon.
The fire dragon is severely wounded.
The fire dragon breathes flames at you. The blast of flame hits you!
* * * LOW HITPOINT WARNING * * *
You whack the fire dragon!
The fire dragon is severely wounded.
You hit the fire dragon.
The fire dragon is almost dead.
You whack the fire dragon!
The fire dragon is almost dead.
You block the fire dragon's attack. The fire dragon claws you.
You die...

♣.≈≈≈≈≈.♣♣P≈≈♣♣≈≈♣.P♣
♣≈≈≈≈≈≈♣♣♣≈≈.P♣♣≈.≈♣♣
♣.≈≈≈≈.♣♣≈≈♣.♣♣♣≈...♣
♣.≈≈≈.♣♣≈.≈..♣..♣.≈♣♣
♣.≈≈≈≈.♣♣♣...♣.P♣.≈≈♣
♣.%≈≈.♣♣.≈.♣♣..♣♣♣..♣
♣♣.†.≈≈≈≈P♣♣...♣♣≈.♣♣
♣..PD≈≈.≈♣♣♣♣.♣♣.≈♣♣
♣♣..@.≈P♣♣ ♣ ♣♣P≈.♣♣
♣♣♣♣♣♣♣♣ ###.P♣≈.P
###########........
#P.................
*#.................
##.................
#..................
#..................
##.........(.......?


You could see a fire dragon.

Vanquished Creatures
  3 hydras
  An alligator (Lair:6)
  A two-headed ogre (D:8)
  A wolf spider (Lair:6)
  4 black mambas
  A merfolk siren (Lair:2)
  Joseph (D:8)
  4 spiny frogs
  2 komodo dragons
  6 rime drakes
  10 polar bears
  2 raiju (Lair:6)
  8 blink frogs
  8 hippogriffs
  A dream sheep (Lair:6)
  Eustachio (D:4)
  2 wraiths (Ossuary)
  2 wyverns (Lair:4)
  15 yaks
  A steam dragon (Lair:6)
  2 nagas (Lair:2)
  7 wargs
  9 water moccasins
  3 acid dragons (Lair:6)
  15 hell hounds (Lair:6)
  7 porcupines
  Duvessa (D:5)
  A sky beast (D:7)
  2 phantoms
  13 black bears
  3 orc warriors
  7 ogres
  A necrophage (D:6)
  2 centaurs
  13 wolves (Lair:6)
  6 crocodiles
  10 bullfrogs
  Dowan (D:5)
  3 scorpions
  4 wights
  3 howler monkeys (D:7)
  3 crimson imps
  A quasit (D:6)
  4 hounds
  7 orc wizards
  2 bullfrog skeletons
  3 iguanas
  2 jellies
  9 orc priests
  Ijyb (D:3)
  2 worker ants
  2 hound skeletons
  A worker ant zombie (D:7)
  6 gnolls
  5 adders
  A shadow imp (D:7)
  2 adder zombies
  A worm (D:2)
  2 dart slugs
  5 leopard geckos
  24 orcs
  2 ball pythons (D:1)
  5 bats
  5 giant cockroaches
  9 goblins
  4 hobgoblins
  9 jackals
  11 kobolds
  9 quokkas
  A ball python skeleton (Ossuary)
  7 frilled lizards
  5 hobgoblin zombies (Ossuary)
  A leopard gecko skeleton (D:8)
  2 orc skeletons (Ossuary)
  An orc zombie (Ossuary)
  A quokka skeleton (D:5)
  7 rats
349 creatures vanquished.

Vanquished Creatures (others)
  3 fungi (Lair:5)
  14 plants
17 creatures vanquished.

Grand Total: 366 creatures vanquished

Notes
Turn   | Place    | Note
-------+----------+-------------------------------------------
     0 | D:1      | Amciq the Troll Fighter began the quest for the Orb.
     0 | D:1      | Reached XP level 1. HP: 22/22 MP: 0/0
    75 | D:1      | Reached XP level 2. HP: 29/29 MP: 1/1
   499 | D:2      | Reached XP level 3. HP: 16/36 MP: 2/2
   502 | D:2      | Reached skill level 1 in Armour
   507 | D:2      | Reached skill level 1 in Throwing
   846 | D:2      | Reached skill level 1 in Unarmed Combat
   846 | D:2      | Reached XP level 4. HP: 40/44 MP: 3/3
  1283 | D:3      | Reached XP level 5. HP: 36/52 MP: 4/4
  1339 | D:3      | Reached skill level 3 in Fighting
  1465 | D:3      | Noticed Ijyb
  1485 | D:3      | Killed Ijyb
  1521 | D:3      | Found a white marble altar of Elyvilon.
  2450 | D:4      | Reached XP level 6. HP: 61/61 MP: 5/5
  2451 | D:4      | Found a sparkling altar of Nemelex Xobeh.
  2766 | D:4      | Noticed Eustachio
  2782 | D:4      | Killed Eustachio
  2782 | D:4      | Reached XP level 7. HP: 67/67 MP: 6/6
  3086 | D:5      | Entered Level 5 of the Dungeon
  3374 | D:5      | Reached XP level 8. HP: 78/78 MP: 7/7
  3458 | D:5      | Noticed Dowan
  3469 | D:5      | Noticed Duvessa
  3478 | D:5      | Killed Duvessa
  3485 | D:5      | Killed Dowan
  3485 | D:5      | Reached skill level 4 in Fighting
  3638 | D:5      | Found a sand-covered staircase.
  3643 | Ossuary  | Entered an ossuary
  3738 | Ossuary  | Noticed a flying skull
  3744 | Ossuary  | Noticed a flying skull
  3754 | Ossuary  | Noticed a flying skull
  3758 | Ossuary  | Noticed a flying skull
  4125 | D:5      | Gained mutation: Armour fits poorly on your strangely shaped body. [potion of mutation]
  4125 | D:5      | Gained mutation: Your mind is acute. (Int +2) [potion of mutation]
  4125 | D:5      | Gained mutation: You are covered in thick fur. (AC +2) [potion of mutation]
  4280 | D:6      | Found a staircase to the Ecumenical Temple.
  4297 | Temple   | Entered the Ecumenical Temple
  4304 | Temple   | Became a worshipper of Ashenzari the Shackled
  4815 | D:6      | Found a burning altar of Makhleb.
  4819 | D:6      | Reached XP level 9. HP: 83/85 MP: 8/8
  4913 | D:6      | Reached * piety under Ashenzari
  4955 | D:6      | Found a glowing silver altar of Zin.
  5409 | D:6      | Found a snail-covered altar of Cheibriados.
  5412 | D:6      | Found an ornate altar of the Wu Jian Council.
  5415 | D:6      | Found a hide-covered altar of Uskayaw.
  5648 | D:7      | Reached skill level 5 in Fighting
  5799 | D:7      | Gained mutation: Your spells are a little harder to cast, but a little more powerful. [mutagenic meat]
  5800 | D:7      | Gained mutation: You are frail. (-10% HP) [mutagenic meat]
  5801 | D:7      | Lost mutation: You are frail. (-10% HP) [mutagenic meat]
  5815 | D:7      | Reached skill level 5 in Unarmed Combat
  5922 | D:7      | Found a bloodstained altar of Trog.
  5975 | D:7      | Reached ** piety under Ashenzari
  6465 | D:8      | Reached skill level 5 in Shields
  6484 | D:8      | Reached skill level 5 in Maces & Flails
  6484 | D:8      | Reached skill level 5 in Dodging
  6530 | D:8      | Identified the +3 scale mail of Going Fast {rPois rN+ Regen+}
  6646 | D:8      | Noticed Joseph
  6667 | D:8      | Killed Joseph
  6667 | D:8      | Reached XP level 10. HP: 67/96 MP: 6/9
  6706 | D:8      | Noticed a two-headed ogre
  6742 | D:8      | HP: 2/144 [orc priest/divine providence (11)]
  6744 | D:8      | Killed a two-headed ogre
  6923 | D:8      | Found a staircase to the Lair.
  7001 | D:8      | Reached skill level 5 in Throwing
  7230 | Lair:1   | Entered Level 1 of the Lair of Beasts
  7310 | Lair:1   | Noticed a spiny frog
  7319 | Lair:1   | Killed a spiny frog
  7382 | Lair:1   | Reached skill level 5 in Armour
  7464 | Lair:1   | Reached *** piety under Ashenzari
  7633 | Lair:1   | Found a glowing golden altar of the Shining One.
  8097 | Lair:2   | Reached skill level 6 in Fighting
  8213 | Lair:2   | Found a staircase to the Snake Pit.
  8248 | Lair:2   | Reached XP level 11. HP: 104/105 MP: 10/10
  8365 | Lair:2   | Found a staircase to the Shoals.
  8393 | Lair:2   | Noticed a four-headed hydra
  8406 | Lair:2   | Killed a four-headed hydra
  8501 | Lair:2   | Reached **** piety under Ashenzari
  9175 | Lair:3   | Noticed an oklob plant
  9290 | Lair:3   | Reached ***** piety under Ashenzari
  9300 | Lair:3   | Reached skill level 7 in Fighting
  9483 | Lair:3   | Noticed a seven-headed hydra
  9494 | Lair:3   | Killed a seven-headed hydra
 10280 | Lair:4   | Reached skill level 8 in Fighting
 10301 | Lair:4   | Reached XP level 12. HP: 122/122 MP: 11/11
 10788 | Lair:5   | Reduced skill Unarmed Combat to level 1
 10788 | Lair:5   | Reached skill level 9 in Fighting
 10791 | Lair:5   | Noticed a six-headed hydra
 10810 | Lair:5   | Killed a six-headed hydra
 11465 | Lair:6   | Entered Level 6 of the Lair of Beasts
 11482 | Lair:6   | Reached skill level 1 in Stealth
 12164 | Lair:6   | Found a staircase to the Slime Pits.
 12164 | Lair:6   | Found a viscous altar of Jiyva.
 12486 | Lair:6   | Noticed an alligator
 12514 | Lair:6   | Killed an alligator
 12706 | Lair:6   | Identified the cursed +4 morningstar of Yqurisyrch {crush, *Slow rElec rN+ MR+++}
 12834 | Lair:6   | Reached XP level 13. HP: 122/132 MP: 10/12
 13113 | Lair:6   | Noticed a fire dragon
 13148 | Lair:6   | HP: 4/133 [fire dragon/blast of flame (33)]
 13151 | Lair:6   | Slain by a fire dragon

Vault maps used:
D:1:      lemuel_arrival_behind_the_door_large
D:2:      interstate_on_off
D:3:      lemuel_doored_altar, roderic_serpentine_path, uniq_iyjb
D:4:      nemelex_xobeh_ov_fountains_minmay, first_bread, uniq_eustachio
D:5:      nicolae_ossuary_entry_plus, uniq_duvessa
D:6:      grunt_temple_overflow_diamond, zin_statuary, minmay_temple_entry_mist,
          makhleb_blood_cavern_becter
D:7:      trog_ov_bears_minmay, grunt_ogre_cave,
          eino_small_chamber_without_monster
D:8:      erik_lair_orcish_takeover, uniq_joseph
Temple:   nicolae_temple_x_marks_the_god
Lair:1:   basic_altar, eino_small_chamber_without_monster
Lair:2:   minmay_shoals_entry_lonely_mermaid, guppyfry_snake_entry_garden
Lair:3:   minmay_lair_oklob_tunnel, infiniplex_staircase_pool
Lair:4:   beast_lair_carwin_11
Lair:5:   grunt_megastairs_2
Lair:6:   guppyfry_lair_end_dragon, hangedman_lair_caniforms_friends,
          slime_altar_1, st_stairs_10
Ossuary:  ossuary_due_cavern

Skill      XL: |  1  2  3  4  5  6  7  8  9 10 11 12 13 |
---------------+----------------------------------------+-----
Armour         | 1 2 3 4 5 6 7 |  7.6
Maces & Flails | 2 3 4 5 6 7 8 |  8.0
Throwing       | 1 2 3 4 5 6 7 |  7.2
Unarmed Combat | 1 2 3 4 5 3 0 |  0.4
Fighting       | 3 4 5 6 8 9 |  9.8
Shields        | 3 4 5 6 7 |  7.6
Dodging        | 3 4 5 6 7 |  7.9
Stealth        | 1 2 |  2.0

Action                   |  1- 3 |  4- 6 |  7- 9 | 10-12 | 13-15 || total
-------------------------+-------+-------+-------+-------+-------++-------
Melee: Flail             |   107 |   189 |       |       |       ||   296
       Whip              |       |       |   316 |   792 |    72 ||  1180
Throw: Stone             |       |    11 |    13 |    25 |       ||    49
       Throwing net      |       |       |       |     3 |       ||     3
Invok: Curse Item        |       |       |     4 |     3 |       ||     7
       Transfer Knowledg |       |       |       |     1 |       ||     1
       Scrying           |       |       |       |     1 |       ||     1
  Use: Potion            |     1 |       |     1 |     8 |     1 ||    11
       Scroll            |       |     8 |     3 |     4 |     5 ||    20
 Stab: Sleeping          |       |     1 |     1 |     3 |       ||     5
  Eat: Chunk             |    14 |    12 |    46 |    55 |     3 ||   130
Armor: Robe              |    69 |    63 |    67 |    80 |    14 ||   293
       Skin              |       |       |       |    16 |       ||    16
Dodge: Dodged            |    53 |    45 |    75 |   183 |    39 ||   395
Block: Shield            |    61 |    81 |   132 |   484 |    67 ||   825
       Reflection        |       |       |       |     2 |     1 ||     3
